 Dungeon Crawl Stone Soup version 0.30-a0-748-ge6a52f7cba (webtiles) character file.

Game seed: 787310134577825253

170 sircluck the Shooter (level 5, 0/26 HPs)
             Began as a Spriggan Hunter on Feb 8, 2023.
             Was a Believer of Dithmenos.
             Slain by a black bear (12 damage)
             ... on level 4 of the Dungeon.
             The game lasted 00:12:22 (3178 turns).

sircluck the Shooter (Spriggan Hunter)              Turns: 3178, Time: 00:12:23

Health: 0/26       AC:  3    Str:  7    XL:     5   Next: 26%
Magic:  6/6        EV: 18    Int: 11    God:    Dithmenos [**....]
Gold:   150        SH:  0    Dex: 20    Spells: 4/4 levels left

rFire   . . .      SeeInvis +    a - +0 shortbow
rCold   . . .      Faith    .    (shield currently unavailable)
rNeg    . . .      Spirit   .    c - +0 robe
rPois   .          Reflect  .    (helmet restricted)
rElec   .          Harm     .    q - +0 cloak
rCorr   .          Rampage  .    (gloves unavailable)
Will    .....                    (boots unavailable)
Stlth   +++                      (no amulet)
HPRegen 0.24/turn                (no ring)
MPRegen 0.10/turn                (no ring)

@: wreathed by umbra, very quick
A: very small, no large weapons, unfitting armour, see invisible, speed 3
a: Renounce Religion, Shadow Step


You were on level 4 of the Dungeon.
You worshipped Dithmenos.
Dithmenos was pleased with you.
You visited 1 branch of the dungeon, and saw 4 of its levels.

You collected 150 gold pieces.

Inventory:

Hand Weapons
 a - a +0 shortbow (weapon)
 d - a +1 dagger of draining
 i - a +2 short sword of electrocution
 p - a +2 quarterstaff of chaos
Missiles
 f - 4 boomerangs of dispersal
 m - 2 silver boomerangs
 s - 4 poisoned darts
Armour
 c - a +0 robe (worn)
 q - a +0 cloak (worn)
 r - a +0 animal skin
Magical Staves
 w - a staff of fire
Scrolls
 b - a scroll of immolation
 e - 2 scrolls of fear {unknown}
 g - 5 scrolls of identify {unknown}
 k - a scroll of enchant armour {unknown}
 l - a scroll of amnesia {unknown}
 n - a scroll of teleportation {unknown}
 t - a scroll of noise {unknown}
 u - a scroll of enchant weapon {unknown}
 x - a scroll of torment {unknown}
Potions
 h - a potion of heal wounds {unknown}
 j - 3 potions of invisibility {unknown}
 o - a potion of brilliance {unknown}
 v - 2 potions of curing {unknown}


   Skills:
 + Level 2.1 Fighting
 + Level 6.2 Ranged Weapons
 + Level 3.2 Dodging
 + Level 1.6 Stealth


You had 4 spell levels left.
You didn't know any spells.
Your spell library contained the following spells:

 Spells                   Type           Power      Damage    Failure   Level
 Summon Guardian Golem    Hex/Summ       0%         N/A       71%         3
 Conjure Ball Lightning   Conj/Air       0%         3x3d6     100%        6
 Orb of Destruction       Conj           0%         9d5       100%        7
 Spellforged Servitor     Conj/Summ      0%         N/A       100%        7
 Discord                  Hex            0%         N/A       100%        8
 Disjunction              Tloc           0%         N/A       100%        8


Dungeon Overview and Level Annotations

Branches:
Dungeon (4/15)
 Temple: D:4-7

Altars:
Dithmenos
Hepliaklqana
Makhleb
Trog
Wu Jian
The Shining One


Innate Abilities, Weirdness & Mutations

You are very small and have problems with some larger weapons.
You are too small for most types of armour.
You have supernaturally acute eyesight. (SInv)
You cover ground extremely quickly. (Speed+++)


Message History

The arrow hits the black bear but does no damage.
The black bear is severely wounded.
Found 14 gold pieces.
An ogre comes into view. It is wielding a +0 giant club.
The ogre shouts!
You see here a fizzy silvery potion.
The black bear is no longer berserk.
Fire: a) +0 shortbow
Press: ? - help, Q - select action, (/) - cycle Shift-Dir - straight line, f/p - black bear
Aim: a black bear (severely wounded, slow, umbra, 72% to hit)
You shoot an arrow. The arrow barely misses the black bear.
A quokka comes into view.
Found a ruby potion.
Found an ornate altar of the Wu Jian Council.
You hear the slow rusting of a drain nearby.
The black bear looks more energetic.
Why would you want to do that?
Found 7 gold pieces.
You now have 150 gold pieces (gained 7).
Found a stone staircase leading down.
There is a stone staircase leading down here.
A black bear is nearby!
You shoot an arrow. The arrow hits the black bear.
The black bear is severely wounded.
The black bear goes berserk!
You shoot an arrow. The arrow hits the black bear.
The black bear is almost dead.
You shoot an arrow. The arrow barely misses the black bear.
The black bear bites you. The black bear claws you.
The black bear closely misses you. The black bear bites you.
The black bear misses you. The black bear closely misses you.
The black bear rages.
You hear the slow rusting of a drain nearby.
You are too injured to fight recklessly!
Fire: a) +0 shortbow
Press: ? - help, Q - select action, (/) - cycle Shift-Dir - straight line, f/p - black bear
Aim: a black bear (almost dead, berserk, umbra, 72% to hit)
You shoot an arrow. The arrow barely misses the black bear.
The black bear bites you!
You die...

###
#>##
#..##
##@.#
...
##h#
...
#.#
....
#.#
##...
#.#
...
#.#
.#
#.#
.###
#.#
...#
#.#


You could see a black bear (berserk).

Vanquished Creatures
  Crazy Yiuf (D:2)
  Ijyb (D:3)
  Robin (D:2)
  2 adders
  2 worms
  3 orcs (D:4)
  6 ball pythons
  9 bats
  6 endoplasms
  2 giant cockroaches
  12 goblins
  10 hobgoblins
  4 jackals (D:2)
  5 kobolds (D:1)
  2 quokkas (D:2)
  6 frilled lizards
  2 rats
74 creatures vanquished.

Vanquished Creatures (others)
  2 demonic plants (D:1)
2 creatures vanquished.

Grand Total: 76 creatures vanquished

Notes
Turn   | Place    | Note
-------+----------+-------------------------------------------
     0 | D:1      | sircluck the Spriggan Hunter began the quest for the Orb.
     0 | D:1      | Reached XP level 1. HP: 10/10 MP: 2/2
   110 | D:1      | Reached XP level 2. HP: 14/14 MP: 3/3
   462 | D:1      | Found a faded altar of an unknown god.
   462 | D:1      | Noticed a crimson imp
   488 | D:1      | Prayed at the altar of an unknown god.
   488 | D:1      | Became a worshipper of Dithmenos the Shadowed
   488 | D:1      | Reached * piety under Dithmenos
   930 | D:2      | Reached XP level 3. HP: 18/18 MP: 4/4
   981 | D:2      | Reached skill level 5 in Ranged Weapons
  1133 | D:2      | Found a runed translucent door.
  1134 | D:2      | Noticed Crazy Yiuf
  1164 | D:2      | Killed Crazy Yiuf
  1229 | D:2      | Found a burning altar of Makhleb.
  1245 | D:2      | Reached XP level 4. HP: 23/23 MP: 5/5
  1247 | D:2      | Noticed Robin
  1253 | D:2      | Reached ** piety under Dithmenos
  1293 | D:2      | Killed Robin
  2382 | D:3      | Noticed Ijyb
  2546 | D:3      | Killed Ijyb
  2547 | D:3      | Reached XP level 5. HP: 11/26 MP: 6/6
  2548 | D:3      | Reached skill level 6 in Ranged Weapons
  2627 | D:3      | Found a glowing golden altar of the Shining One.
  2783 | D:3      | Found a hazy altar of Hepliaklqana.
  3048 | D:4      | Found a bloodstained altar of Trog.
  3050 | D:4      | Noticed a black bear
  3082 | D:4      | Noticed an ogre
  3096 | D:4      | Found an ornate altar of the Wu Jian Council.
  3178 | D:4      | Slain by a black bear

Illustrated notes

Levels and vault maps discovered:
D:1:      saegor_arrival_simple_a, layout_loops_ring,
          dreamdust_ecumenical_altar_sealed_demon, chequers_garden
D:2:      layout_basic, basic_altar, uniq_crazy_yiuf_cottage, uniq_robin
D:3:      layout_rooms, nzn_hepliaklqana_mist_gate,
          mainiacjoe_overflow_concentric_impassable, chequers_decorated_corner,
          skrybe_limestone_x, st_stairs_8, uniq_ijyb
D:4:      layout_rooms, mainiacjoe_overflow_paths, lemuel_doored_altar,
          mainiacjoe_overflow_small_starburst, portal_sewer_entry_d

Skill      XL: |  1  2  3  4  5 |
---------------+----------------+-----
Ranged Weapons | 5 6 |  6.2
Dodging        | 3 |  3.2
Fighting       | 2 |  2.1
Stealth        | |  1.6

Action                     |  1- 3 |  4- 6 || total
---------------------------+-------+-------++-------
  Melee: Shortbow          |       |     2 ||     2
   Fire: Shortbow          |    90 |   115 ||   205
  Throw: Dart              |       |     4 ||     4
 Armour: Robe              |     4 |     5 ||     9
  Dodge: Dodged            |    28 |    94 ||   122

Table legend: (Time is in decaauts)
 A = Elapsed time spent in this place.
 B = Non-inter-level travel time spent in this place.
 C = Inter-level travel time spent in this place.
 D = Time resting spent in this place.
 E = Time spent auto-exploring this place.
 F = Levels seen in this place.
 G = Mean time per level.
                   A        B        C        D        E       F      G
               +--------+--------+--------+--------+--------+-----+--------+
         Total |   2273 |   2063 |    210 |    300 |    946 |   4 |  568.2 |
       Dungeon |   2273 |   2063 |    210 |    300 |    946 |   4 |  568.2 |
               +--------+--------+--------+--------+--------+-----+--------+

Top non-repeatable levels by time:
     D:2: 1197 daAuts
     D:1: 570 daAuts
     D:3: 403 daAuts
     D:4: 101 daAuts
